AAA
FORT WAYNE HERONS @ MOSCOW MULES
05/09/2060
 
TOP OF THE 1ST
Fort Wayne Herons batting - Pitching for Moscow Mules : RHP James Schiller
Pitching: RHP James Schiller
Batting: RHB Cristian Osborne 0-0: Ball
1-0: Ball
2-0: Called Strike
2-1: Fly out, F6 (Line Drive, 6, EV 68.1 MPH)
Batting: RHB Jessie Himes 0-0: Fly out, F8 (Line Drive, 8LD, EV 95.6 MPH)
Batting: RHB Shawn Gunn 0-0: Ball
1-0: Ground out 5-3 (Groundball, 56, EV 82.5 MPH)
Top of the 1st over - 0 runs, 0 hits, 0 errors, 0 left on base; Fort Wayne 0 - Moscow 0
BOTTOM OF THE 1ST
Moscow Mules batting - Pitching for Fort Wayne Herons : RHP Damarius Nassor
Pitching: RHP Damarius Nassor
Batting: SHB Irv Macura 0-0: Ball
1-0: Called Strike
1-1: Called Strike
1-2: Ball
2-2: Fly out, F6 (Line Drive, 6, EV 68.1 MPH)
Batting: RHB Vince Fowler 0-0: Called Strike
0-1: Ball
1-1: Foul Ball, location: 2F
1-2: Ball
2-2: Foul Ball, location: 2F
2-2: Foul Ball, location: 2F
2-2: Strikes out looking
Batting: LHB Billy Collins 0-0: Swinging Strike
0-1: Foul Ball, location: 2F
0-2: Ball
1-2: Ball
2-2: Ball
3-2: Base on Balls
Batting: LHB Austin Anderson 0-0: Called Strike
0-1: Called Strike
0-2: Ball
1-2: Ball
2-2: Strikes out swinging
Bottom of the 1st over - 0 runs, 0 hits, 0 errors, 1 left on base; Fort Wayne 0 - Moscow 0
TOP OF THE 2ND
Fort Wayne Herons batting - Pitching for Moscow Mules : RHP James Schiller
Batting: RHB Johnny Jackson 0-0: Called Strike
0-1: Foul Ball, location: 2F
0-2: Ball
1-2: Strikes out swinging
Batting: RHB Aron Lali 0-0: Ball
1-0: Foul Ball, location: 2F
1-1: Called Strike
1-2: Strikes out swinging
Batting: RHB Brad Rahl 0-0: Foul Ball, location: 2F
0-1: Fly out, F7 (Line Drive, 7LM, EV 97.5 MPH)
Top of the 2nd over - 0 runs, 0 hits, 0 errors, 0 left on base; Fort Wayne 0 - Moscow 0
BOTTOM OF THE 2ND
Moscow Mules batting - Pitching for Fort Wayne Herons : RHP Damarius Nassor
Batting: RHB Amar Giles 0-0: Ball
1-0: Called Strike
1-1: Foul Ball, location: 2F
1-2: SINGLE (Flyball, 8LS, EV 98.8 MPH)
Batting: RHB Shawn Douglas 0-0: Fly out, F9 (Flyball, 9, EV 78.1 MPH)
Batting: RHB Bailey Madry 0-0: Ball
1-0: Ball
2-0: Ball
3-0: Called Strike
3-1: Called Strike
3-2: Strikes out swinging
Batting: RHB DeAndrae Sainovic 0-0: Ball
1-0: Fly out, F7 (Flyball, 78S, EV 95.6 MPH)
Bottom of the 2nd over - 0 runs, 1 hit, 0 errors, 1 left on base; Fort Wayne 0 - Moscow 0
TOP OF THE 3RD
Fort Wayne Herons batting - Pitching for Moscow Mules : RHP James Schiller
Batting: LHB R.J. Paolini 0-0: Called Strike
0-1: Foul Ball, location: 2F
0-2: Ball
1-2: Foul Ball, location: 2F
1-2: Strikes out looking
Batting: RHB Johnny Bunkley 0-0: Ball
1-0: Called Strike
1-1: Swinging Strike
1-2: Foul Ball, location: 2F
1-2: Strikes out swinging
Batting: SHB Dave Mrkvicka 0-0: Ball
1-0: Ball
2-0: Called Strike
2-1: Foul Ball, location: 2F
2-2: Strikes out swinging
Top of the 3rd over - 0 runs, 0 hits, 0 errors, 0 left on base; Fort Wayne 0 - Moscow 0
BOTTOM OF THE 3RD
Moscow Mules batting - Pitching for Fort Wayne Herons : RHP Damarius Nassor
Batting: RHB Cole Rega 0-0: Ball
1-0: Ground out 5-3 (Groundball, 5D, EV 105.6 MPH)
Batting: SHB Irv Macura 0-0: Swinging Strike
0-1: Ball
1-1: Ball
2-1: Fly out, F9 (Flyball, 89M, EV 83.1 MPH)
Batting: RHB Vince Fowler 0-0: Foul Ball, location: 2F
0-1: Foul Ball, location: 2F
0-2: Ball
1-2: Ground out 1-3 (Groundball, 34S, EV 70.0 MPH)
Bottom of the 3rd over - 0 runs, 0 hits, 0 errors, 0 left on base; Fort Wayne 0 - Moscow 0
TOP OF THE 4TH
Fort Wayne Herons batting - Pitching for Moscow Mules : RHP James Schiller
Batting: RHB Cristian Osborne 0-0: Ball
1-0: Ball
2-0: Swinging Strike
2-1: Fly out, F8 (Flyball, 8RD, EV 105.6 MPH)
Batting: RHB Jessie Himes 0-0: Ball
1-0: Ball
2-0: Called Strike
2-1: DOUBLE (Flyball, 89D, EV 95.6 MPH)
Batting: RHB Shawn Gunn 0-0: Ball
1-0: SINGLE (Groundball, 56D, EV 96.9 MPH)
Jessie Himes to third
Runner from 3rd tries for Home, SAFE, throw by LF to home
Shawn Gunn to second
Batting: RHB Johnny Jackson 0-0: Ball
1-0: Called Strike
1-1: Ball
2-1: Called Strike
2-2: Ball
3-2: Strikes out swinging
Batting: RHB Aron Lali 0-0: Ball
1-0: Foul Ball, location: 2F
1-1: Foul Ball, location: 2F
1-2: Ground out 4-3 (Groundball, 4M, EV 101.9 MPH)
Top of the 4th over - 1 run, 2 hits, 0 errors, 1 left on base; Fort Wayne 1 - Moscow 0
BOTTOM OF THE 4TH
Moscow Mules batting - Pitching for Fort Wayne Herons : RHP Damarius Nassor
Batting: LHB Billy Collins 0-0: Ground out 3-1 (Groundball, 34S, EV 82.5 MPH)
Batting: LHB Austin Anderson 0-0: Ball
1-0: Ball
2-0: Fly out, F7 (Flyball, 7, EV 87.5 MPH)
Batting: RHB Amar Giles 0-0: SINGLE (Groundball, 56D, EV 98.8 MPH)
Batting: RHB Shawn Douglas 0-0: Swinging Strike
0-1: Swinging Strike
0-2: Strikes out looking
Bottom of the 4th over - 0 runs, 1 hit, 0 errors, 1 left on base; Fort Wayne 1 - Moscow 0
TOP OF THE 5TH
Fort Wayne Herons batting - Pitching for Moscow Mules : RHP James Schiller
Batting: RHB Brad Rahl 0-0: Swinging Strike
0-1: Ball
1-1: Ball
2-1: Fly out, F9 (Line Drive, 9, EV 93.1 MPH)
Batting: LHB R.J. Paolini 0-0: Ground out 6-3 (Groundball, 56, EV 85.0 MPH)
Batting: RHB Johnny Bunkley 0-0: Swinging Strike
0-1: Called Strike
0-2: Ball
1-2: Strikes out swinging
Top of the 5th over - 0 runs, 0 hits, 0 errors, 0 left on base; Fort Wayne 1 - Moscow 0
BOTTOM OF THE 5TH
Moscow Mules batting - Pitching for Fort Wayne Herons : RHP Damarius Nassor
Batting: RHB Bailey Madry 0-0: Called Strike
0-1: Ground out 6-3 (Groundball, 6, EV 88.1 MPH)
Batting: RHB DeAndrae Sainovic 0-0: Ball
1-0: Swinging Strike
1-1: Foul Ball, location: 2F
1-2: Foul Ball, location: 2F
1-2: Strikes out swinging
Batting: RHB Cole Rega 0-0: Foul Ball, location: 2F
0-1: Swinging Strike
0-2: Strikes out swinging
Bottom of the 5th over - 0 runs, 0 hits, 0 errors, 0 left on base; Fort Wayne 1 - Moscow 0
TOP OF THE 6TH
Fort Wayne Herons batting - Pitching for Moscow Mules : RHP James Schiller
Batting: SHB Dave Mrkvicka 0-0: Ball
1-0: Called Strike
1-1: Foul Ball, location: 2F
1-2: Foul Ball, location: 2F
1-2: Ground out 3-1 (Groundball, 34, EV 80.6 MPH)
Batting: RHB Cristian Osborne 0-0: SINGLE (Groundball, 6MD, EV 95.6 MPH)
Batting: RHB Jessie Himes 0-0: SINGLE (Line Drive, 56D, EV 98.1 MPH)
Cristian Osborne to second
Batting: RHB Shawn Gunn 0-0: Called Strike
0-1: Ball
1-1: SINGLE (Flyball, 4MD, EV 93.8 MPH)
Cristian Osborne to third
Jessie Himes to second
Batting: RHB Johnny Jackson 0-0: Fly out, F7 (Line Drive, 78M, EV 93.1 MPH)
Runner from 3rd tags up, OUT at HOME! 7-2
Top of the 6th over - 0 runs, 3 hits, 0 errors, 2 left on base; Fort Wayne 1 - Moscow 0
BOTTOM OF THE 6TH
Moscow Mules batting - Pitching for Fort Wayne Herons : RHP Damarius Nassor
Batting: SHB Irv Macura 0-0: DOUBLE (Flyball, 8RXD, EV 93.1 MPH)
Batting: RHB Vince Fowler 0-0: Ball
1-0: Ball
2-0: Called Strike
2-1: Called Strike
2-2: Foul Ball, location: 2F
2-2: Ball
3-2: Base on Balls
Batting: LHB Billy Collins 0-0: Ball
1-0: Swinging Strike
1-1: Swinging Strike
1-2: Ball
2-2: Ball
3-2: Strikes out swinging
Batting: LHB Austin Anderson 0-0: Swinging Strike
0-1: 3-RUN HOME RUN (Flyball, 9D, EV 99.4 MPH), Distance : 390 ft
Batting: RHB Amar Giles 0-0: Ball
1-0: Ball
2-0: Called Strike
2-1: Foul Ball, location: 2F
2-2: Ball
3-2: Strikes out swinging
Batting: RHB Shawn Douglas 0-0: SINGLE (Groundball, 34D, EV 96.9 MPH)
Batting: RHB Bailey Madry 0-0: Ball
1-0: Ball
2-0: Swinging Strike
2-1: Swinging Strike
2-2: Foul Ball, location: 2F
2-2: Strikes out swinging
Bottom of the 6th over - 3 runs, 3 hits, 0 errors, 1 left on base; Fort Wayne 1 - Moscow 3
TOP OF THE 7TH
Fort Wayne Herons batting - Pitching for Moscow Mules : RHP James Schiller
Batting: RHB Aron Lali 0-0: Ball
1-0: Called Strike
1-1: Foul Ball, location: 2F
1-2: Ball
2-2: Foul Ball, location: 2F
2-2: Ball
3-2: Base on Balls
Batting: RHB Brad Rahl 0-0: Ball
1-0: Foul Ball, location: 2F
1-1: Called Strike
1-2: Strikes out swinging
Batting: LHB R.J. Paolini 0-0: Ball
1-0: Ball
2-0: Foul Ball, location: 2F
2-1: SINGLE (Groundball, 5S, EV 66.9 MPH) (infield hit)
Aron Lali to second
Pinch Hitting: LHB Ozzie Huang 0-0: Ball
1-0: Swinging Strike
1-1: Foul Ball, location: 2F
1-2: Foul Ball, location: 2F
1-2: Strikes out swinging
Pitching: RHP Spencer Springsteen
Batting: SHB Dave Mrkvicka 0-0: Ground out 1-3 (Groundball, 15S, EV 66.9 MPH)
Top of the 7th over - 0 runs, 1 hit, 0 errors, 2 left on base; Fort Wayne 1 - Moscow 3
BOTTOM OF THE 7TH
Moscow Mules batting - Pitching for Fort Wayne Herons : RHP Damarius Nassor
Now at 2B: Shayne Hall
Now at SS: Jessie Himes
Batting: RHB DeAndrae Sainovic 0-0: Ball
1-0: Fly out, F8 (Flyball, 8RM, EV 91.9 MPH)
Pitching: RHP Ron Brown
Batting: RHB Cole Rega 0-0: Ball
1-0: Ball
2-0: Foul Ball, location: 2F
2-1: Foul Ball, location: 2F
2-2: Foul Ball, location: 2F
2-2: Ball
3-2: Strikes out swinging
Batting: SHB Irv Macura 0-0: Swinging Strike
0-1: Foul Ball, location: 2F
0-2: Ball
1-2: Foul Ball, location: 2F
1-2: Ball
2-2: Foul Ball, location: 2F
2-2: Ball
3-2: Fly out, F9 (Flyball, 89S, EV 85.6 MPH)
Bottom of the 7th over - 0 runs, 0 hits, 0 errors, 0 left on base; Fort Wayne 1 - Moscow 3
TOP OF THE 8TH
Fort Wayne Herons batting - Pitching for Moscow Mules : RHP Spencer Springsteen
Batting: RHB Cristian Osborne 0-0: Swinging Strike
0-1: Ball
1-1: Called Strike
1-2: Ball
2-2: Fly out, F7 (Flyball, 78S, EV 84.4 MPH)
Batting: RHB Jessie Himes 0-0: Foul Ball, location: 2F
0-1: Ball
1-1: Ball
2-1: Called Strike
2-2: Ball
3-2: Fly out, F2 (Popup, 5SF, EV 84.4 MPH)
Batting: RHB Shawn Gunn 0-0: Called Strike
0-1: Ball
1-1: Ball
2-1: SINGLE (Groundball, 56D, EV 103.1 MPH)
Batting: RHB Johnny Jackson 0-0: Ball
1-0: Ball
2-0: Called Strike
2-1: Ball
3-1: SINGLE (Groundball, 4MD, EV 96.2 MPH)
Shawn Gunn to second
Batting: RHB Aron Lali 0-0: SINGLE (Groundball, 6, EV 100.0 MPH)
Shawn Gunn to third
Johnny Jackson to second
Runner from 3rd tries for Home, SAFE, throw by CF to home
Batting: RHB Brad Rahl 0-0: Swinging Strike
0-1: Swinging Strike
0-2: Ball
1-2: Foul Ball, location: 2F
1-2: Foul Ball, location: 2F
1-2: Ball
2-2: Fly out, F6 (Popup, P, EV 83.1 MPH)
Top of the 8th over - 1 run, 3 hits, 0 errors, 2 left on base; Fort Wayne 2 - Moscow 3
BOTTOM OF THE 8TH
Moscow Mules batting - Pitching for Fort Wayne Herons : RHP Ron Brown
Batting: RHB Vince Fowler 0-0: Called Strike
0-1: Ball
1-1: Swinging Strike
1-2: Ball
2-2: Strikes out looking
Batting: LHB Billy Collins 0-0: Called Strike
0-1: Called Strike
0-2: Strikes out swinging
Batting: LHB Austin Anderson 0-0: Swinging Strike
0-1: Called Strike
0-2: Ball
1-2: Strikes out looking
Bottom of the 8th over - 0 runs, 0 hits, 0 errors, 0 left on base; Fort Wayne 2 - Moscow 3
TOP OF THE 9TH
Fort Wayne Herons batting - Pitching for Moscow Mules : RHP Spencer Springsteen
Pitching: RHP Gary Richardson
Batting: LHB R.J. Paolini 0-0: Ball
1-0: Reached on error, E1 (Groundball, 15S, EV 69.4 MPH)
Batting: RHB Shayne Hall 0-0: Called Strike
0-1: Bunted foul
0-2: Hit by Pitch
R.J. Paolini to second
Batting: SHB Dave Mrkvicka 0-0: Ball
Wild Pitch!
R.J. Paolini to third
Shayne Hall to second
1-0: Called Strike
1-1: Foul Ball, location: 2F
1-2: Ball
2-2: Fly out, F8 (Line Drive, 78M, EV 98.8 MPH)
Runner from 3rd tags up, SCORES, throw by CF
Shayne Hall to third
Pinch Hitting: SHB James Little 0-0: Intentional Walk
Batting: RHB Jessie Himes 0-0: Called Strike
0-1: Ball
1-1: Ball
James Little steals 2nd base (no throw)
2-1: Ball
3-1: Foul Ball, location: 2F
3-2: Foul Ball, location: 2F
3-2: Foul Ball, location: 2F
3-2: SINGLE (Groundball, 34D, EV 98.8 MPH)
Shayne Hall scores
James Little to third
Batting: RHB Shawn Gunn 0-0: Ball
1-0: Foul Ball, location: 2F
1-1: Ball
2-1: Called Strike
2-2: Ball
3-2: Strikes out swinging
Batting: RHB Johnny Jackson 0-0: Called Strike
0-1: Ball
1-1: Foul Ball, location: 2F
1-2: Strikes out swinging
Top of the 9th over - 2 runs, 1 hit, 1 error, 2 left on base; Fort Wayne 4 - Moscow 3
BOTTOM OF THE 9TH
Moscow Mules batting - Pitching for Fort Wayne Herons : RHP Ron Brown
Pitching: RHP James Tuel
Now at 2B: James Little
Now in CF: Shayne Hall
Batting: RHB Amar Giles 0-0: Called Strike
0-1: Swinging Strike
0-2: Ball
1-2: Ball
2-2: Ball
3-2: Foul Ball, location: 2F
3-2: Base on Balls
Pinch Hitting: LHB Kyle Williams 0-0: Ball
1-0: Bunted foul
1-1: Sac Bunt to 5S - play at first, batter OUT! 5-3
Amar Giles to second
Batting: RHB Bailey Madry 0-0: Foul Ball, location: 2F
0-1: Foul Ball, location: 2F
0-2: Ball
1-2: Ball
2-2: Strikes out swinging
Batting: RHB DeAndrae Sainovic 0-0: Called Strike
0-1: Ball
1-1: 2-RUN HOME RUN (Flyball, 7D, EV 95.6 MPH), Distance : 375 ft
Bottom of the 9th over - 2 runs, 1 hit, 0 errors, 0 left on base; Fort Wayne 4 - Moscow 5
Monday, April 29th , 2024 - OOTP Baseball 23.10 Build 110